 Dungeon Crawl Stone Soup version 0.29.1-12-g30fa7ad0bf (webtiles) character file.

Game seed: 4166608544547408379

1769 rakiston the Cleaver (level 8, -1/79 (81) HPs)
             Began as a Minotaur Berserker on Jan 2, 2023.
             Was a Priest of Trog.
             Slain by a wight
             ... wielding a +2 war axe
              (7 damage)
             ... on level 5 of the Dungeon on Jan 3, 2023.
             The game lasted 00:21:14 (5040 turns).

rakiston the Cleaver (Minotaur Berserker)           Turns: 5040, Time: 00:21:14

HP:   -1/79 (81)    AC: 11    Str: 25    XL:     8   Next: 80%
MP:   7/7           EV: 10    Int:  4    God:    Trog [***...]
Gold: 473           SH:  0    Dex:  9    Spells: 7/7 levels left

rFire   . . .      SeeInvis .   a - +0 hand axe
rCold   . . .      Faith    .   (no shield)
rNeg    . . .      Spirit   .   v - +0 scale mail
rPois   .          Reflect  .   (helmet restricted)
rElec   .          Harm     .   (no cloak)
rCorr   .          Rampage  .   h - +0 pair of gloves
Will    .....      Rage     3%  (no boots)
Stlth   ..........              (no amulet)
HPRegen 0.23/turn               k - +4 ring of protection
MPRegen 0.10/turn               (no ring)

@: on berserk cooldown, lightly drained
A: horns 2, retaliatory headbutt, berserk 1, robust 1, wild magic 1, noise
suppression
a: Renounce Religion, Berserk, Trog's Hand


You were on level 5 of the Dungeon.
You worshipped Trog.
Trog was most pleased with you.
You visited 1 branch of the dungeon, and saw 6 of its levels.

You collected 473 gold pieces.

Inventory:

Hand Weapons
 a - a +0 hand axe (weapon)
 s - a +0 sling
 D - a +2 mace of protection
Missiles
 g - 37 stones (quivered)
 x - 2 throwing nets
 y - 2 boomerangs of dispersal
 z - 6 atropa-tipped darts
Armour
 b - a +0 animal skin
 d - a +0 ring mail
 h - a +0 pair of gloves (worn)
 v - a +0 scale mail (worn)
Jewellery
 j - a ring of positive energy
 k - a +4 ring of protection (left hand)
 n - an amulet of guardian spirit
 p - an amulet of magic regeneration
Wands
 B - a wand of digging (4)
 C - a wand of light (8)
Scrolls
 e - a scroll of summoning
 i - a scroll of fear
 l - a scroll of noise
 m - a scroll of enchant weapon {unknown}
 t - a scroll of silence {unknown}
 w - a scroll of poison {unknown}
 A - 3 scrolls of teleportation
Potions
 c - 6 potions of mutation
 f - 2 potions of flight
 o - a potion of attraction {unknown}
 q - 2 potions of curing
 r - a potion of degeneration {unknown}
 u - a potion of might {unknown}
 E - a potion of lignification


   Skills:
 + Level 8.2 Fighting
 + Level 11.9 Axes
 - Level 2.4 Armour
 - Level 2.1 Dodging


You had 7 spell levels left.
You didn't know any spells.
Your spell library was empty.

Dungeon Overview and Level Annotations

Branches:
Dungeon (6/15)             Temple (0/1) D:5

Altars:
Kikubaaqudgha


Innate Abilities, Weirdness & Mutations

You have a pair of horns on your head.
You reflexively headbutt those who attack you in melee.
You sometimes lose your temper in combat.
You are robust. (+10% HP)
Your spells are a little harder to cast, but a little more powerful.
You passively dampen the noise of your surroundings.


Message History

The wight closely misses you. x2
You hit the wight but do no damage. You closely miss the wight.
You feel very sick. The wight closely misses you. You furiously retaliate!
You headbutt the wight, but do no damage.
The wight hits you with a +1 halberd of venom!
You feel drained.
You are more poisoned.
The wight attacks as you move away! The wight closely misses you.
You feel very sick. The wight closely misses you.
You hit the wight. You headbutt the wight!
The wight is severely damaged.
You feel very sick. The wight hits you with a +2 war axe.
The wight hits you from afar with a +1 halberd of venom.
You are more poisoned.
You hit the wight but do no damage. Your headbutt misses the wight.
The wight is severely damaged.
You feel very sick.
You hit the wight but do no damage. You headbutt the wight.
The wight is almost destroyed.
You feel very sick. The wight hits you with a +2 war axe!
* * * LOW HITPOINT WARNING * * *
The wight hits you from afar with a +1 halberd of venom.
* * * LOW HITPOINT WARNING * * *
You are more poisoned.
You feel better. The wight hits you with a +2 war axe.
* * * LOW HITPOINT WARNING * * *
The wight hits you from afar with a +1 halberd of venom.
* * * LOW HITPOINT WARNING * * *
You are lethally poisoned!
You feel better. The wight hits you with a +2 war axe!
* * * LOW HITPOINT WARNING * * *
The wight hits you from afar with a +1 halberd of venom.
* * * LOW HITPOINT WARNING * * *
The wight attacks as you move away! The wight hits you but does no damage.
The wight attacks as you move away! The wight hits you with a +2 war axe!
You die...

##....## #...# #......##
#...# ......).#######...#
.....)..'.##...#..#
........'..#...#..#
........##.#...#..#
#......##.........#
##....###.##...#.)#
###### #.##...#@.# ###.#
#.##...#z## ..#.#
#.######z#
..#.#####.######)#####...
..#.............zz.......
..#.#####.######..#######
..#.###............#
..#..............#..#
###########....#.##...


You could see 4 wights.

Vanquished Creatures
  Grinder (D:4)
  Menkaure (D:5)
  Duvessa (D:5)
  An orc warrior (D:5)
  2 ice beasts
  An ogre (D:5)
  4 scorpions
  A wight (D:5)
  Dowan (D:5)
  5 hounds
  An orc priest (D:5)
  2 gnoll boudas (D:5)
  A jelly (D:5)
  3 iguanas
  2 orc wizards
  8 gnolls (D:5)
  6 adders
  A worm (D:2)
  5 dart slugs
  11 orcs
  6 endoplasms
  6 giant cockroaches
  10 goblins
  7 hobgoblins
  A jackal (D:5)
  3 kobolds
  5 quokkas
  3 ball pythons
  5 bats
  A frilled lizard (D:1)
  11 rats
116 creatures vanquished.

Notes
Turn   | Place    | Note
-------+----------+-------------------------------------------
     0 | D:1      | rakiston the Minotaur Berserker began the quest for the
                  | Orb.
     0 | D:1      | Reached XP level 1. HP: 19/19 MP: 0/0
    66 | D:1      | Gained mutation: You sometimes lose your temper in combat.
                  | [potion of mutation]
    66 | D:1      | Gained mutation: You are robust. (+10% HP) [potion of
                  | mutation]
    66 | D:1      | Gained mutation: Your spells are a little harder to cast,
                  | but a little more powerful. [potion of mutation]
    66 | D:1      | Gained mutation: You passively dampen the noise of your
                  | surroundings. [potion of mutation]
   202 | D:1      | Reached skill level 4 in Axes
   251 | D:1      | Reached XP level 2. HP: 29/29 MP: 1/1
   462 | D:1      | Reached ** piety under Trog
   542 | D:1      | Reached XP level 3. HP: 36/36 MP: 2/2
   954 | D:2      | Reached skill level 5 in Axes
   964 | D:2      | Identified the +1 robe of Gallantry {*Slow +Blink rC+ Str+4
                  | Stlth+}
  1061 | D:2      | Reached XP level 4. HP: 45/45 MP: 3/3
  2489 | D:4      | Reached skill level 6 in Axes
  2489 | D:4      | Reached XP level 5. HP: 47/51 MP: 4/4
  2540 | D:4      | Found an ancient bone altar of Kikubaaqudgha.
  2550 | D:4      | Noticed Grinder
  2583 | D:4      | Paralysed by Grinder for 4 turns
  2594 | D:4      | Killed Grinder
  2595 | D:4      | Reached skill level 5 in Fighting
  2595 | D:4      | Reached skill level 7 in Axes
  2595 | D:4      | Reached XP level 6. HP: 47/61 MP: 5/5
  2797 | D:4      | Reached skill level 8 in Axes
  2937 | D:4      | Reached *** piety under Trog
  3099 | D:4      | Reached XP level 7. HP: 59/68 MP: 6/6
  3337 | D:5      | Entered Level 5 of the Dungeon
  3576 | D:5      | Found a staircase to the Ecumenical Temple.
  3586 | D:5      | Reached skill level 9 in Axes
  3814 | D:5      | You fall into a shaft and drop 1 floor!
  3841 | D:6      | Noticed a wyvern
  4003 | D:5      | Noticed Dowan
  4010 | D:5      | Noticed Duvessa
  4015 | D:5      | Killed Dowan
  4021 | D:5      | Killed Duvessa
  4022 | D:5      | Reached skill level 10 in Axes
  4129 | D:5      | Reached XP level 8. HP: 72/78 MP: 7/7
  4531 | D:5      | Reached skill level 11 in Axes
  4996 | D:5      | Noticed Menkaure
  5002 | D:5      | Killed Menkaure
  5040 | D:5      | Slain by a wight

Illustrated notes

Levels and vault maps discovered:
D:1:      onia_arrival_handbag, layout_basic, corner_web_ring
D:2:      layout_basic
D:3:      layout_loops_corners, feat_on_display
D:4:      layout_rooms, lemuel_doored_altar, serial_rivers,
          chequers_serial_rivers_small_b, chequers_serial_rivers_small_3,
          chequers_serial_rivers_room_b, chequers_serial_rivers_large_a,
          uniq_grinder
D:5:      minmay_polygon_palace, layout_basic, minmay_temple_entry_proselytizer,
          uniq_duvessa, uniq_menkaure
D:6:      layout_loops_ring

Skill      XL: |  1  2  3  4  5  6  7  8 |
---------------+-------------------------+-----
Axes           | 4 5 6 7 8 10 11 | 11.9
Fighting       | 4 5 6 8 |  8.2
Armour         | |  2.4
Dodging        | |  2.1

Action                   |  1- 3 |  4- 6 |  7- 9 || total
-------------------------+-------+-------+-------++-------
Melee: Hand axe          |    88 |    99 |   155 ||   342
       Headbutt          |    13 |    16 |    27 ||    56
       Punch             |       |       |     2 ||     2
Invok: Berserk           |       |     1 |     3 ||     4
  Use: Potion            |     1 |     1 |     4 ||     6
       Scroll            |       |     3 |     1 ||     4
Armor: Ring mail         |    33 |    10 |       ||    43
       Scale mail        |       |    18 |    61 ||    79
Dodge: Dodged            |    43 |    36 |    64 ||   143
